 Dungeon Crawl Stone Soup version 0.25-b1-46-gb8a1ec0 (webtiles) character file.

Game seed: 12681722495138437436

2291271 sleepydude the Minotaur Barricade (level 27, 235/269 HPs)
             Began as a Minotaur Monk on June 10, 2020.
             Was the Champion of Okawaru.
             Escaped with the Orb
             ... and 4 runes on June 11, 2020!
             The game lasted 03:58:21 (74632 turns).

sleepydude the Minotaur Barricade (Minotaur Monk)  Turns: 74632, Time: 03:58:21

Health: 235/269    AC: 41    Str: 22    XL:     27
Magic:  31/31      EV: 22    Int:  7    God:    Okawaru [******]
Gold:   3810       SH: 33    Dex: 18    Spells: 26/26 levels left

rFire    + + +     SeeInvis .   v - +9 demon whip (vamp)
rCold    + + .     Gourm    .   y - +1 tower shield {reflect}
rNeg     + . .     Faith    .   g - +10 gold dragon scales
rPois    +         Spirit   .   p - -2 hat of the Alchemist {rElec rPois rF+ rC+ rN+ MR+ rMut rCorr}
rElec    +         Reflect  +   N - +2 cloak {rCorr}
rCorr    +         Harm     .   Q - +2 pair of gloves
rMut     +                      F - +2 pair of boots of Rotten Salvation {rCorr Int+2}
MR       ++++.                  z - amulet of reflection
Stlth    ..........             Z - +4 ring of evasion
HPRegen  0.54/turn              i - ring "Dyux" {+Blink rElec rF+ MR+ Slay+2}
MPRegen  0.22/turn

@: no status effects
A: retaliatory headbutt, horns 2, clumsy 1, deformed body, dopey 1
0: Orb of Zot
}: 4/15 runes: serpentine, barnacled, silver, abyssal
a: Heroism, Finesse, Renounce Religion, Evoke Blink


You escaped.
You worshipped Okawaru.
Okawaru was exalted by your worship.
You were not hungry.

You visited 10 branches of the dungeon, and saw 48 of its levels.
You visited the Abyss 1 time.
You visited 1 bazaar.
You also visited: Ossuary and Gauntlet.

You collected 7989 gold pieces.
You spent 4179 gold pieces at shops.

Inventory:

Hand Weapons
 v - a +9 vampiric demon whip (weapon)
 T - the +12 executioner's axe of the Hidden Vale {speed, rElec Int+4 Dex+4}
   (Okawaru gifted it to you on level 2 of the Vaults)

   Attacks with this weapon are significantly faster.
   It affects your intelligence (+4).
   It affects your dexterity (+4).
   It insulates you from electricity.
 X - the +14 obsidian axe {vorpal, +Fly SInv *Curse}
   (Okawaru gifted it to you on level 4 of the Shoals)

   It inflicts extra damage upon your enemies.
   It lets you see invisible.
   It lets you fly.
   It curses itself when equipped.
Armour
 a - a +0 pair of boots of running
 g - +10 gold dragon scales (worn)
 j - a +0 hat of see invisible
 p - the -2 hat of the Alchemist (worn) {rElec rPois rF+ rC+ rN+ MR+ rMut rCorr}
   (You bought it in a shop on level 2 of the Orcish Mines)

   It protects you from fire.
   It protects you from cold.
   It insulates you from electricity.
   It protects you from poison.
   It protects you from negative energy.
   It affects your resistance to hostile enchantments.
   It provides partial protection from all sources of acid and corrosion.
   It protects you from mutation.
 y - a +1 tower shield of reflection (worn)
 C - a scarf of invisibility
 F - the +2 pair of boots of Rotten Salvation (worn) {rCorr Int+2}
   (You found it on level 10 of the Dungeon)

   It affects your intelligence (+2).
   It provides partial protection from all sources of acid and corrosion.
 N - a +2 cloak of preservation (worn)
 Q - a +2 pair of gloves (worn)
Jewellery
 i - the ring "Dyux" (right hand) {+Blink rElec rF+ MR+ Slay+2}
   (You bought it in a shop on level 11 of the Dungeon)

   [ring of protection from fire]

   It affects your accuracy and damage with ranged weapons and melee attacks
   (+2).
   It protects you from fire.
   It insulates you from electricity.
   It affects your resistance to hostile enchantments.
   It lets you blink.
 z - an amulet of reflection (around neck)
 M - the ring of Greater Demons {+Blink +Inv Int-4 Dex+8 Stlth-}
   (You found it in a Gauntlet)

   [ring of attention]

   It affects your intelligence (-4).
   It affects your dexterity (+8).
   It lets you turn invisible.
   It lets you blink.
   It makes you less stealthy.
 U - an uncursed ring of protection from cold
 Z - a +4 ring of evasion (left hand)
Wands
 o - a wand of digging (30)
 I - a wand of clouds (12)
Scrolls
 b - 7 scrolls of enchant weapon
 k - 9 scrolls of remove curse {@r2}
 l - 16 scrolls of amnesia
 m - 2 scrolls of holy word
 q - 10 scrolls of fog
 t - 12 scrolls of teleportation
 w - 8 scrolls of fear
 A - 5 scrolls of blinking
 G - 4 scrolls of summoning
 K - 3 scrolls of silence
 Y - 10 scrolls of identify {@r1}
Potions
 d - 23 potions of curing {@q1}
 e - 4 potions of magic
 f - 2 potions of flight
 D - 4 potions of berserk rage
 E - 6 potions of resistance
 H - 2 potions of haste
 L - 4 potions of cancellation
 V - 2 potions of might
Comestibles
 c - 54 rations


   Skills:
 + Level 26.1 Fighting
 - Level 21.9(22.2) Axes
 - Level 6.9(16.1) Maces & Flails
 + Level 26.6 Armour
 + Level 22.8 Dodging
 - Level 3.4 Stealth
 O Level 27 Shields
 - Level 12.1 Invocations
 - Level 0.3 Evocations


You had 26 spell levels left.
You didn't know any spells.
Your spell library contained the following spells:

 Spells                   Type           Power        Failure   Level  Hunger
 Beastly Appendage        Tmut           #.....       99%         1    ##.....
 Corona                   Hex            #......      99%         1    ##.....
 Foxfire                  Conj/Fire      #...         99%         1    ##.....
 Freeze                   Ice            #...         99%         1    ##.....
 Sting                    Tmut/Pois      #...         99%         1    ##.....
 Summon Butterflies       Summ           #.......     99%         1    ##.....
 Blink                    Tloc           N/A          100%        2    ###....
 Corpse Rot               Necr/Air       N/A          100%        2    ###....
 Ensorcelled Hibernation  Hex/Ice        #.....       100%        2    ###....
 Poisonous Vapours        Pois/Air       #.....       100%        2    ###....
 Shroud of Golubria       Chrm/Tloc      #.....       100%        2    ###....
 Slow                     Hex            #.......     100%        2    ###....
 Sticks to Snakes         Tmut           #.......     100%        2    ###....
 Sublimation of Blood     Necr           #.........   100%        2    ###....
 Confusing Touch          Hex            #.......     100%        3    ####...
 Conjure Flame            Conj/Fire      #.......     100%        3    ####...
 Frozen Ramparts          Ice            #.....       100%        3    ####...
 Gell's Gravitas          Tloc           #.........   100%        3    ####...
 Ignite Poison            Fire/Tmut/Pois #.......     100%        3    ####...
 Lesser Beckoning         Tloc           #.........   100%        3    ####...
 Mephitic Cloud           Conj/Pois/Air  #.......     100%        3    ####...
 Ozocubu's Armour         Chrm/Ice       #.......     100%        3    ####...
 Recall                   Summ/Tloc      N/A          100%        3    ####...
 Spectral Weapon          Hex/Chrm       #.......     100%        3    ####...
 Spider Form              Tmut/Pois      #.........   100%        3    ####...
 Static Discharge         Conj/Air       #.......     100%        3    ####...
 Stone Arrow              Conj/Erth      #.....       100%        3    ####...
 Summon Guardian Golem    Hex/Summ       #.......     100%        3    ####...
 Teleport Other           Tloc           #.......     100%        3    ####...
 Airstrike                Air            #.........   100%        4    #####..
 Animate Dead             Necr           N/A          100%        4    #####..
 Cause Fear               Hex            #.........   100%        4    #####..
 Hailstorm                Conj/Ice       #.......     100%        4    #####..
 Ice Form                 Ice/Tmut       #.......     100%        4    #####..
 Petrify                  Tmut/Erth      #.......     100%        4    #####..
 Sticky Flame             Conj/Fire      #.......     100%        4    #####..
 Summon Ice Beast         Ice/Summ       #.......     100%        4    #####..
 Summon Lightning Spire   Summ/Air       #.......     100%        4    #####..
 Aura of Abjuration       Summ           #.........   100%        5    ######.
 Blade Hands              Tmut           #.........   100%        5    ######.
 Bolt of Magma            Conj/Fire/Erth #.........   100%        5    ######.
 Borgnjor's Vile Clutch   Necr/Erth      #.........   100%        5    ######.
 Fireball                 Conj/Fire      #.........   100%        5    ######.
 Iskenderun's Battlesphe  Conj/Chrm      #.......     100%        5    ######.
 Lightning Bolt           Conj/Air       #.........   100%        5    ######.
 Metabolic Englaciation   Hex/Ice        #.........   100%        5    ######.
 Silence                  Hex/Air        #.........   100%        5    ######.
 Summon Demon             Summ           #.........   100%        5    ######.
 Summon Forest            Summ/Tloc      #.........   100%        5    ######.
 Summon Mana Viper        Hex/Summ       #.......     100%        5    ######.
 Yara's Violent Unravell  Hex/Tmut       #.........   100%        5    ######.
 Conjure Ball Lightning   Conj/Air       #.........   100%        6    #######
 Dispersal                Tloc           #.........   100%        6    #######
 Eringya's Noxious Bog    Tmut/Pois      #.........   100%        6    #######
 Freezing Cloud           Conj/Ice/Air   #.........   100%        6    #######
 Hydra Form               Tmut           #.........   100%        6    #######
 Iron Shot                Conj/Erth      #.........   100%        6    #######
 Ozocubu's Refrigeration  Ice            #.........   100%        6    #######
 Shadow Creatures         Summ           N/A          100%        6    #######
 Simulacrum               Ice/Necr       #.........   100%        6    #######
 Starburst                Conj/Fire      #.........   100%        6    #######
 Statue Form              Tmut/Erth      #........    100%        6    #######
 Dragon Form              Tmut           #.........   100%        7    #######
 Malign Gateway           Summ/Tloc      #.........   100%        7    #######
 Monstrous Menagerie      Summ           #.........   100%        7    #######
 Orb of Destruction       Conj           #.........   100%        7    #######
 Ring of Flames           Chrm/Fire      #.........   100%        7    #######
 Spellforged Servitor     Conj/Summ      #.........   100%        7    #######
 Summon Greater Demon     Summ           #.........   100%        7    #######
 Summon Hydra             Summ           #.........   100%        7    #######
 Discord                  Hex            #.........   100%        8    #######
 Ignition                 Fire           #.........   100%        8    #######
 Summon Horrible Things   Summ           #.........   100%        8    #######
 Dragon's Call            Summ           #.........   100%        9    #######
 Shatter                  Erth           #.........   100%        9    #######
 Tornado                  Air            #.........   100%        9    #######
 Passage of Golubria      Tloc           Unusable     N/A         4    N/A

Dungeon Overview and Level Annotations

Branches:
Dungeon (15/15)            Temple (1/1) D:6            Lair (6/6) D:11
 Shoals (4/4) Lair:2        Snake (4/4) Lair:3        Slime (1/5) Lair:6
    Orc (2/2) D:12            Elf (0/3) Orc:2        Vaults (5/5) D:14
  Crypt (0/3) Vaults:3     Depths (5/5) D:15            Zot (5/5) Depths:5
Ossuary (visited)         Gauntlet (visited)

Altars:
Ashenzari
Cheibriados
Dithmenos
Elyvilon
Fedhas
Gozag
Hepliaklqana
Kikubaaqudgha
Makhleb
Nemelex Xobeh
Okawaru
Qazlal
Ru
Sif Muna
Trog
Uskayaw
Vehumet
Wu Jian
Xom
Yredelemnul
Zin
The Shining One
Beogh
Jiyva

Shops:
D:8 !(?*   D:11 =   D:13 !   Orc:1 *[**   Orc:2 [[([(   Snake:1 *   Snake:4 (
Vaults:2 [   Depths:1 }=}   Depths:3 [

Portals:
Hell: Depths:1 Depths:2 Depths:3 Depths:4 Depths:5
Abyss: Depths:4
Pandemonium: Depths:2 Depths:3 Depths:4
Ziggurat: Depths:1

Annotations:
Lair:3 exclusion: oklob plant


Innate Abilities, Weirdness & Mutations

You reflexively headbutt those who attack you in melee.
You have a pair of horns on your head.
You are clumsy. (Dex -2)
Armour fits poorly on your strangely shaped body.
You are dopey. (Int -2)


Message History

The Orb Guardian is moderately wounded.
You block the Orb Guardian's attack.
You whack the Orb Guardian!
The Orb Guardian is heavily wounded.
You block the Orb Guardian's attack.
You whack the Orb Guardian!
The Orb Guardian is severely wounded.
You completely miss the Orb Guardian.
The Orb Guardian is severely wounded.
You block the Orb Guardian's attack.
You hit the Orb Guardian. You headbutt the Orb Guardian.
The Orb Guardian is severely wounded.
You block the Orb Guardian's attack.
You whack the Orb Guardian!
You headbutt the Orb Guardian, but do no damage.
The Orb Guardian is almost dead.
You hit the Orb Guardian.
You feel better.
You kill the Orb Guardian!
Okawaru accepts your kill.
You have escaped!

.........# #.# #.####
.........# #.# #....#
...รท.....# #.## ##.#.##
########## ##.###.##..#
############ ##.#.####.#
...........## ##.## ##.#
########..#.###.#.###.##
.......#.###.#.#.#.#.##
####.#.#.# ##.#.@.#[##
.....#.#.###.#.#.#.#.##
######.#.##.###.#.###.##
..............##.## ##.#
########.#.####.#.###..#
#.#...#.###.##.##
#.#...'## ##.#.#
#.#...## #...#
#.#...########.####


There were no monsters in sight!

Vanquished Creatures
  9 ancient liches
  9 orbs of fire
  Mara (Snake:3)
  A juggernaut (Abyss:3)
  10 Killer Klowns
  Vashnia (Snake:2)
  Xtahua (Depths:3)
  Saint Roka (Depths:3)
  2 curse toes
  3 caustic shrikes (Depths:2)
  8 golden dragons
  the Enchantress (Depths:2)
  Nikola (Snake:1)
  3 bone dragons
  4 electric golems
  Rupert (Lair:2)
  2 hellephants (Zot:1)
  10 tentacled monstrosities
  11 liches
  25 Orb Guardians
  A titan (Vaults:5)
  Asterion (Vaults:1)
  An acid blob (Slime:1)
  3 Executioners
  5 sphinxes
  Frances (D:12)
  6 death cobs
  7 shadow dragons
  A tentacled starspawn (Abyss:1)
  Polyphemus (Shoals:2)
  A kraken (Shoals:3)
  8 quicksilver dragons
  Gastronok (Lair:1)
  Agnes (Snake:3)
  12 storm dragons
  6 tengu reavers (Vaults:5)
  15 draconian monks
  7 nagarajas
  Roxanne (Shoals:1)
  Ilsuiw (Shoals:4)
  The ghost of Rygut the Fighter, a journeyman DrFi of Ashenzari (Orc:2)
  7 fire giants
  Aizul (Snake:1)
  3 iron dragons
  8 frost giants
  3 draconian knights
  4 deep elf sorcerers
  4 draconian scorchers
  A ghost moth (Zot:3)
  A deep elf elementalist (Vaults:5)
  The ghost of Neckusmi the Carver, a journeyman DsGl of Makhleb (D:15)
  A ghoul (Vaults:4)
  2 draconian shifters
  15 vault wardens
  18 ironheart preservers
  2 angels
  8 spriggan defenders
  6 draconian annihilators
  A reaper (Zot:1)
  27 very ugly things
  12 stone giants
  3 war gargoyles (Vaults:5)
  9 draconian stormcallers
  2 ophanim (Abyss:3)
  A deep elf demonologist (Vaults:1)
  A dire elephant (Lair:6)
  8 green draconians
  4 deep elf annihilators
  The ghost of Pestilence the Tortoise, a journeyman MiFi of Makhleb (D:12)
  9 yellow draconians
  7 spark wasps
  Azrael (Snake:3)
  13 black draconians
  14 purple draconians
  11 white draconians
  14 ettins
  A minotaur (Gauntlet)
  13 red draconians
  5 merfolk javelineers
  3 jiangshi (Depths:4)
  2 blizzard demons
  9 fire dragons
  The ghost of Firestone the Slicer, a journeyman DDHu of Elyvilon (Snake:1)
  3 deep elf death magi
  14 yaktaur captains
  8 merfolk impalers
  3 deep elf high priests
  Josephine (D:12)
  5 great orbs of eyes
  8 spriggan air magi
  6 rakshasas
  23 vault guards
  15 ice dragons
  8 anacondas
  6 hydras
  17 naga warriors
  2 hell beasts
  9 merfolk avatars
  2 catoblepae
  20 ogre magi
  9 centaur warriors
  56 two-headed ogres
  2 dancing weapons (Abyss:3)
  3 merfolk aquamancers (Shoals:4)
  12 deep troll shamans
  5 death knights
  2 alligator snapping turtles (Shoals:3)
  2 satyrs (Shoals:4)
  11 death yaks
  4 tengu warriors
  2 hell hogs (Abyss:3)
  6 shock serpents
  8 deep troll earth magi
  5 spriggan berserkers
  Urug (Lair:1)
  5 thrashing horrors (Abyss:3)
  2 vampire magi
  18 hell knights
  A soul eater (Gauntlet)
  16 naga sharpshooters
  7 deep elf knights
  A sixfirhy (Abyss:3)
  2 shadow wraiths
  3 wretched stars (Abyss:3)
  3 iron trolls
  35 deep trolls
  4 wizards
  15 skeletal warriors
  2 cherubim (Abyss:3)
  10 sea snakes
  2 unseen horrors (D:12)
  An obsidian statue (Snake:1)
  2 flayed ghosts
  8 naga ritualists
  10 ironbrand convokers
  6 glowing orange brains
  11 orc knights
  14 harpies
  5 phantasmal warriors
  A lindwurm (shapeshifter) (Vaults:5)
  A golden dragon skeleton (Depths:3)
  6 deep elf archers
  A sphinx zombie (Depths:3)
  11 deep elf magi
  51 ugly things
  5 orc sorcerers
  10 cyclopes
  14 mana vipers
  3 salamanders
  A salamander (shapeshifter) (Zot:1)
  3 fauns
  A cyclops (shapeshifter) (Vaults:5)
  A worldbinder (Abyss:1)
  7 manticores
  25 moths of wrath
  A wolf spider (shapeshifter) (Vaults:5)
  6 wolf spiders
  8 water nymphs
  Maurice (D:11)
  2 spectral centaurs (D:12)
  7 merfolk sirens
  6 elephants
  4 guardian serpents
  2 apocalypse crabs
  8 vault sentinels
  41 black mambas
  11 naga magi
  2 black mambas (shapeshifter)
  A rust devil (Depths:1)
  A water nymph (shapeshifter) (Vaults:5)
  An orange demon (Abyss:3)
  3 gargoyles
  An elf zombie (Depths:3)
  6 spiny frogs
  57 yaktaurs
  A rime drake (Lair:5)
  An efreet (D:5)
  2 kobold demonologists (D:12)
  9 komodo dragons
  A guardian mummy (Zot:4)
  6 freezing wraiths
  A tormentor (D:12)
  An ice devil (Abyss:3)
  14 trolls
  5 tyrant leeches
  3 meliai (D:14)
  21 merfolk
  A troll (shapeshifter) (Depths:5)
  4 polar bears
  4 wind drakes
  3 tengu conjurers
  2 ancient zymes
  11 hornets
  2 blink frogs (Abyss:3)
  A blink frog (shapeshifter) (D:15)
  18 snapping turtles
  16 dream sheep
  A harpy skeleton (D:15)
  4 hippogriffs
  29 slime creatures
  4 raiju
  7 large abominations
  A centaur simulacrum (D:12)
  3 redbacks (Vaults:2)
  8 wraiths
  3 small abominations
  11 spriggans
  A wyvern (D:12)
  Sigmund (D:3)
  15 water elementals
  27 yaks
  10 basilisks
  5 fire bats (Abyss:3)
  3 fire elementals (Snake:3)
  4 golden eyes (Abyss:3)
  2 humans (shapeshifter) (Vaults:4)
  3 hungry ghosts
  11 chaos spawn
  4 wargs
  Menkaure (D:6)
  A swamp worm (shapeshifter) (Vaults:5)
  71 nagas
  A soldier ant (D:12)
  15 water moccasins
  8 hell hounds
  11 porcupines
  36 orc warriors
  A meliai simulacrum (D:12)
  2 phantoms
  4 sky beasts
  2 eyes of draining
  2 ice beasts
  6 black bears
  24 boggarts
  20 wolves
  56 ogres
  29 centaurs
  12 crocodiles
  2 big kobolds
  21 bullfrogs
  2 gnoll sergeants
  6 earth elementals
  2 wyvern skeletons
  A scorpion (shapeshifter) (Vaults:5)
  3 scorpions
  10 killer bees
  An electric eel (Lair:2)
  20 wights
  4 howler monkeys
  3 crimson imps
  2 lava snakes
  6 centaur zombies
  A human simulacrum (Vaults:4)
  4 quasits
  2 bullfrog zombies
  2 hounds
  5 iron imps
  14 orc priests
  3 centaur skeletons
  5 jellies
  A gnoll shaman (Orc:1)
  28 orc wizards
  Jessica (D:2)
  2 bullfrog skeletons
  2 iguanas
  Terence (D:2)
  10 worker ants
  A hound zombie (D:9)
  A hound skeleton (D:4)
  8 mummies (Ossuary)
  A worker ant zombie (D:11)
  Robin (D:2)
  15 gnolls
  10 adders
  A howler monkey skeleton (D:11)
  6 shadow imps
  13 white imps
  An ufetubus (Abyss:1)
  7 oozes
  2 adder skeletons (D:4)
  2 dart slugs
  7 leopard geckos
  104 orcs
  A ball python (D:2)
  5 bats
  5 giant cockroaches
  21 goblins
  10 hobgoblins
  6 jackals
  23 kobolds
  5 quokkas
  4 frilled lizards
  A gnoll zombie (Ossuary)
  3 hobgoblin zombies (Ossuary)
  A jackal skeleton (D:5)
  A jackal zombie (D:8)
  3 kobold zombies (Ossuary)
  A leopard gecko zombie (D:8)
  An orc zombie (Ossuary)
  A quokka zombie (D:4)
  7 rats
  A butterfly (Lair:2)
  7 fungi
  17 plants
  3 tentacles (Shoals:3)
2270 creatures vanquished.

Vanquished Creatures (collateral kills)
  2 Killer Klowns (Zot:1)
  A curse toe (Zot:3)
  2 caustic shrikes (Depths:2)
  An electric golem (Zot:5)
  A lich (Abyss:3)
  3 tentacled monstrosities
  2 Orb Guardians (Zot:5)
  A titan (Vaults:5)
  A death cob (Zot:4)
  A tentacled starspawn (Abyss:3)
  A sphinx (Vaults:5)
  3 storm dragons
  A tengu reaver (Depths:5)
  2 fire giants (Depths:4)
  A shadow dragon (Zot:5)
  2 draconian knights
  A frost giant (Depths:2)
  A draconian stormcaller (Zot:1)
  2 ironheart preservers
  A spriggan defender (Depths:4)
  An entropy weaver (Vaults:2)
  A green draconian (Zot:1)
  5 very ugly things
  A vampire knight (Depths:1)
  A white draconian (Zot:2)
  3 stone giants
  2 black draconians (Zot:3)
  A yellow draconian (Zot:4)
  2 spark wasps (Depths:4)
  2 purple draconians
  2 fire dragons
  An ettin (Depths:2)
  2 vault guards (Vaults:5)
  A yaktaur captain (D:14)
  A rakshasa (Depths:3)
  2 ice dragons
  A centaur warrior (Vaults:1)
  3 ogre magi
  A hell hog (Abyss:3)
  5 two-headed ogres
  A deep troll shaman (Depths:2)
  3 thrashing horrors (Abyss:3)
  3 deep troll earth magi
  2 hell knights (Depths:4)
  A skeletal warrior (D:14)
  10 deep trolls
  A flayed ghost (Vaults:2)
  A wizard (Depths:2)
  2 ironbrand convokers
  An orc knight (Vaults:2)
  2 glowing orange brains (Depths:2)
  A necromancer (Depths:3)
  A wolf spider (Vaults:1)
  A worldbinder (Abyss:3)
  10 ugly things
  2 deep elf magi (Vaults:4)
  3 moths of wrath (Zot:2)
  A vault sentinel (Vaults:5)
  A water nymph (shapeshifter) (Vaults:1)
  A gargoyle (Depths:3)
  8 yaktaurs
  3 large abominations (Abyss:3)
  A freezing wraith (Vaults:4)
  A tengu conjurer (Depths:1)
  A jumping spider (Vaults:2)
  A merfolk (Shoals:4)
  A polar bear (shapeshifter) (Depths:2)
  3 slime creatures
  A hornet (Depths:2)
  A blink frog (Abyss:3)
  A spriggan (Depths:2)
  A water elemental (Depths:5)
  A fire bat (Abyss:3)
  A spriggan (shapeshifter) (Abyss:3)
  2 golden eyes (Abyss:3)
  A redback simulacrum (D:12)
  3 hell hounds (Depths:1)
  An orc warrior (D:15)
  An eye of draining (shapeshifter) (Vaults:2)
  3 boggarts (Depths:2)
  5 ogres
  A small abomination (Abyss:3)
  A quasit (Abyss:3)
  2 orc priests
  6 orcs
167 creatures vanquished.

Vanquished Creatures (others)
  A worldbinder (Abyss:3)
  2 raiju (Abyss:3)
  A small abomination (Abyss:3)
  2 chaos spawn (Abyss:3)
  An ice beast (D:6)
  An orc wizard (D:12)
  10 fungi
  2 lurking horrors (Abyss:3)
  24 plants
  8 starspawn tentacles
  5 tentacles (Shoals:3)
57 creatures vanquished.

Grand Total: 2494 creatures vanquished

Notes
Turn   | Place    | Note
-------+----------+-------------------------------------------
     0 | D:1      | sleepydude the Minotaur Monk began the quest for the Orb.
     0 | D:1      | Reached XP level 1. HP: 19/19 MP: 0/0
   529 | D:1      | Reached XP level 2. HP: 27/27 MP: 1/1
   721 | D:2      | Reached XP level 3. HP: 22/33 MP: 2/2
   965 | D:2      | Noticed a bullfrog
   970 | D:2      | Killed a bullfrog
   970 | D:2      | Reached XP level 4. HP: 27/41 MP: 3/3
  1125 | D:2      | Noticed Robin
  1140 | D:2      | Killed Robin
  1398 | D:2      | Noticed Terence
  1405 | D:2      | Killed Terence
  1405 | D:2      | Reached XP level 5. HP: 47/47 MP: 4/4
  1702 | D:2      | Noticed Jessica
  1714 | D:2      | Killed Jessica
  1905 | D:3      | Reached skill level 5 in Axes
  1937 | D:3      | Reached skill level 5 in Fighting
  2356 | D:3      | Found an iron altar of Okawaru.
  2359 | D:3      | Became a worshipper of Warmaster Okawaru
  2359 | D:3      | Reached * piety under Okawaru
  2359 | D:3      | Reached ** piety under Okawaru
  2512 | D:3      | Noticed Sigmund
  2524 | D:3      | Killed Sigmund
  2524 | D:3      | Reached XP level 6. HP: 33/56 MP: 5/5
  2764 | D:3      | Found a shimmering altar of Xom.
  2841 | D:4      | Found a sand-covered staircase.
  2846 | Ossuary  | Entered an ossuary
  3153 | Ossuary  | Reached *** piety under Okawaru
  3153 | Ossuary  | Reached XP level 7. HP: 56/61 MP: 6/6
  3995 | D:4      | Reached skill level 1 in Shields
  4433 | D:5      | Entered Level 5 of the Dungeon
  4941 | D:5      | Found a sparkling altar of Nemelex Xobeh.
  4948 | D:5      | Reached skill level 2 in Shields
  5343 | D:6      | Found a staircase to the Ecumenical Temple.
  5395 | Temple   | Entered the Ecumenical Temple
  5542 | D:6      | Reached XP level 8. HP: 63/70 MP: 7/7
  5642 | D:6      | Noticed Menkaure
  6384 | D:6      | Killed Menkaure
  6384 | D:6      | Reached skill level 3 in Shields
  6423 | D:6      | Reached **** piety under Okawaru
  6423 | D:6      | Reached skill level 5 in Armour
  6730 | D:6      | Got a slimy mace
  7014 | D:6      | Identified the +5 mace "Giss" {vorpal, Dex+2} (You found it
                  | on level 6 of the Dungeon)
  7186 | D:6      | Found a shimmering blue altar of Sif Muna.
  7565 | D:7      | Reached skill level 5 in Dodging
  7785 | D:7      | Noticed a hippogriff
  7843 | D:7      | Killed a hippogriff
  7843 | D:7      | Reached skill level 4 in Shields
  7958 | D:7      | Reached XP level 9. HP: 47/78 MP: 8/8
  8455 | D:7      | Reached ***** piety under Okawaru
  9141 | D:8      | Reached skill level 10 in Axes
  9189 | D:8      | Found Vudgheta's Distillery.
  9258 | D:8      | Found Muuzaf's Weapon Emporium.
  9308 | D:8      | Found Plog's Magic Scroll Boutique.
  9531 | D:8      | Found an ancient bone altar of Kikubaaqudgha.
  9532 | D:8      | Found a blossoming altar of Fedhas.
  9532 | D:8      | Found a shimmering altar of Xom.
  9538 | D:8      | Found a stormy altar of Qazlal.
  9538 | D:8      | Found a shimmering blue altar of Sif Muna.
  9539 | D:8      | Found a hazy altar of Hepliaklqana.
  9615 | D:8      | Reached skill level 5 in Shields
  9769 | D:8      | Found Kemeis's Assorted Antiques.
  9819 | D:8      | Noticed a two-headed ogre
  9832 | D:8      | Killed a two-headed ogre
 10398 | D:9      | Reached skill level 6 in Shields
 10398 | D:9      | Reached XP level 10. HP: 88/88 MP: 9/9
 10465 | D:9      | Received a gift from Okawaru
 11508 | D:10     | Entered Level 10 of the Dungeon
 11568 | D:10     | Noticed a cyclops
 11595 | D:10     | Killed a cyclops
 11595 | D:10     | Reached skill level 7 in Shields
 12215 | D:10     | Got a pair of fine boots
 12216 | D:10     | Identified the +2 pair of boots of Rotten Salvation {rCorr
                  | Int+2} (You found it on level 10 of the Dungeon)
 12761 | D:11     | Noticed a skeletal warrior
 12761 | D:11     | Noticed a skeletal warrior
 12790 | D:10     | Killed a skeletal warrior
 12790 | D:10     | Reached skill level 8 in Shields
 13294 | D:11     | Killed a skeletal warrior
 13294 | D:11     | Reached skill level 1 in Invocations
 13344 | D:11     | Noticed a skeletal warrior
 13345 | D:11     | Noticed a brown ugly thing
 13387 | D:9      | Killed a brown ugly thing
 13387 | D:9      | Reached XP level 11. HP: 58/95 MP: 10/10
 13560 | D:10     | Killed a skeletal warrior
 13560 | D:10     | Received a gift from Okawaru
 13976 | D:11     | Found a staircase to the Lair.
 14019 | D:11     | Reached skill level 9 in Shields
 14039 | D:11     | Noticed a five-headed hydra
 14043 | D:11     | Killed a two-headed hydra
 14105 | D:11     | Noticed a white ugly thing
 14520 | D:10     | Killed a white ugly thing
 14625 | D:11     | Received a gift from Okawaru
 14645 | D:11     | Found a sparkling altar of Nemelex Xobeh.
 14744 | D:11     | Reached skill level 10 in Armour
 14954 | D:11     | Noticed a two-headed ogre
 14965 | D:11     | Killed a two-headed ogre
 14965 | D:11     | Reached skill level 10 in Shields
 15008 | D:11     | Found Icamomia's Jewellery Boutique.
 15185 | D:11     | Got a dazzling leather armour
 15186 | D:11     | Identified the +4 leather armour of Ygrufiru {Stlth+} (You
                  | found it on level 11 of the Dungeon)
 15341 | Lair:1   | Entered Level 1 of the Lair of Beasts
 15351 | Lair:1   | Noticed Urug
 15722 | Lair:1   | Reached ****** piety under Okawaru
 15917 | D:11     | Received a gift from Okawaru
 15920 | D:11     | Got a faintly glowing broad axe {god gift}
 15923 | D:11     | Identified the +8 broad axe "Baruqad" {antimagic, rN+}
                  | (Okawaru gifted it to you on level 11 of the Dungeon)
 15984 | D:12     | Noticed Maurice
 15991 | D:12     | Paralysed by Maurice for 5 turns
 15999 | D:11     | Killed Maurice
 16657 | Lair:1   | Killed Urug
 17050 | Lair:1   | Noticed Gastronok
 17070 | Lair:1   | Killed Gastronok
 17070 | Lair:1   | Received a gift from Okawaru
 17070 | Lair:1   | Reached skill level 10 in Fighting
 17070 | Lair:1   | Reached XP level 12. HP: 80/106 MP: 4/12
 17913 | Lair:2   | Noticed a six-headed hydra
 17923 | Lair:2   | Killed a one-headed hydra
 17923 | Lair:2   | Reached skill level 11 in Shields
 18390 | Lair:2   | Got a transparent plate armour
 18391 | Lair:2   | Identified the +9 plate armour of the Land of Plenty {Str+3
                  | Slay+3} (You found it on level 2 of the Lair of Beasts)
 18606 | Lair:2   | Noticed a six-headed hydra
 18613 | Lair:2   | Killed a three-headed hydra
 18759 | Lair:2   | Found a staircase to the Shoals.
 18998 | Lair:3   | Found a staircase to the Snake Pit.
 19213 | Lair:3   | Noticed Rupert
 19485 | Lair:2   | Killed Rupert
 19485 | Lair:2   | Received a gift from Okawaru
 19485 | Lair:2   | Reached skill level 15 in Axes
 20624 | Lair:4   | Reached skill level 12 in Shields
 21555 | Lair:5   | Noticed a five-headed hydra
 21566 | Lair:5   | Killed a one-headed hydra
 21566 | Lair:5   | Reached XP level 13. HP: 109/116 MP: 5/13
 21651 | Lair:5   | Received a gift from Okawaru
 21654 | Lair:5   | Got a masterwork broad axe {god gift}
 21657 | Lair:5   | Identified the +1 broad axe "Jiesip" {freeze, rElec}
                  | (Okawaru gifted it to you on level 5 of the Lair of Beasts)
 22772 | Lair:6   | Entered Level 6 of the Lair of Beasts
 22836 | Lair:6   | Found a viscous altar of Jiyva.
 22836 | Lair:6   | Found a staircase to the Slime Pits.
 22884 | Lair:6   | Found a gate leading to a gauntlet.
 22890 | Gauntlet | Entered a Gauntlet
 22890 | Gauntlet | Found a transporter.
 22890 | Gauntlet | Found a transporter.
 22892 | Gauntlet | Found a transporter.
 22893 | Gauntlet | Found a transporter.
 22895 | Gauntlet | Found a transporter.
 22937 | Gauntlet | Found a transporter.
 22937 | Gauntlet | Found a transporter.
 22939 | Gauntlet | Noticed a balrug
 22983 | Gauntlet | Found a transporter.
 22986 | Gauntlet | Found a transporter.
 23032 | Gauntlet | Found a transporter.
 23035 | Gauntlet | Found a transporter.
 23049 | Gauntlet | Found a transporter.
 23063 | Gauntlet | Found a transporter.
 23076 | Gauntlet | Found a transporter.
 23203 | Gauntlet | Got a coiled ivory ring
 23205 | Gauntlet | Identified the ring of Greater Demons {+Blink +Inv Int-4
                  | Dex+8 Stlth-} (You found it in a Gauntlet)
 23371 | Gauntlet | Received a gift from Okawaru
 23374 | Gauntlet | Got a dazzling hat {god gift}
 23386 | Gauntlet | Identified the +3 hat "Taedumm" {+Inv} (Okawaru gifted it
                  | to you in a Gauntlet)
 23435 | Gauntlet | Noticed a minotaur
 23441 | Gauntlet | Killed a minotaur
 23642 | Lair:6   | Reached skill level 13 in Shields
 24175 | Lair:6   | Reached XP level 14. HP: 127/127 MP: 4/14
 24232 | Lair:6   | Received a gift from Okawaru
 25369 | D:12     | Found a runed translucent gate.
 25369 | D:12     | Found a runed translucent gate.
 25369 | D:12     | Found a runed translucent gate.
 25384 | D:12     | Noticed Pestilence's ghost (journeyman MiFi)
 25726 | D:12     | Got a dazzling hat
 25739 | D:12     | Identified the +3 hat "Ciav" {rElec rF+ rN++ Int+10 Slay-3}
                  | (You found it on level 12 of the Dungeon)
 25877 | D:12     | Found a staircase to the Orcish Mines.
 25971 | D:13     | Noticed Josephine
 25988 | D:12     | Killed Josephine
 25988 | D:12     | Reached skill level 14 in Shields
 26185 | D:13     | Noticed Frances
 26473 | D:12     | Killed Frances
 26602 | D:12     | Received a gift from Okawaru
 26757 | D:13     | Found Cifoow Zou's Distillery.
 26961 | Orc:1    | Entered Level 1 of the Orcish Mines
 27006 | Orc:1    | Found Bocog's Assorted Antiques.
 27006 | Orc:1    | Found Cucoil's General Store.
 27043 | Orc:1    | Found Tyutoh's Armour Emporium.
 27058 | Orc:1    | Found Varel's General Store.
 27158 | Orc:2    | Entered Level 2 of the Orcish Mines
 27592 | Orc:2    | Reached skill level 15 in Shields
 27681 | Orc:2    | Reached XP level 15. HP: 137/137 MP: 5/15
 27721 | Orc:2    | Found Ninta's Armour Shop.
 27722 | Orc:2    | Found Zeituser's Antique Weapon Shop.
 27728 | Orc:2    | Found Katyghur's Armour Shoppe.
 27732 | Orc:2    | Found Kestarejexa's Antique Armour Boutique.
 27738 | Orc:2    | Received a gift from Okawaru
 27791 | Orc:2    | Found a runed translucent gate.
 27791 | Orc:2    | Found a runed translucent gate.
 27791 | Orc:2    | Found a runed translucent gate.
 27832 | Orc:2    | Identified the +6 ring mail of Kaasilid {-Tele +Inv +Fly
                  | Int+4}
 27833 | Orc:2    | Found an iron altar of Okawaru.
 27833 | Orc:2    | Noticed Rygut's ghost (journeyman DrFi)
 27834 | Orc:2    | Found the +3 giant club "Skullcrusher" {speed, Str+7}
 28122 | Orc:2    | Found Akhlocwips's Weapon Boutique.
 28227 | Orc:2    | Found a staircase to the Elven Halls.
 28482 | Orc:2    | Killed Rygut's ghost
 28580 | Orc:1    | Received a gift from Okawaru
 28988 | Orc:2    | Bought the -2 hat of the Alchemist {rElec rPois rF+ rC+ rN+
                  | MR+ rMut rCorr} for 519 gold pieces
 28988 | Orc:2    | Found the -2 hat of the Alchemist {rElec rPois rF+ rC+ rN+
                  | MR+ rMut rCorr}
 29036 | Orc:1    | Bought a +0 pair of gloves for 67 gold pieces
 29060 | Orc:1    | Identified a scroll of acquirement
 29307 | Snake:1  | Entered Level 1 of the Snake Pit
 29334 | Snake:1  | Noticed Nikola
 29362 | Snake:1  | Killed Nikola
 29635 | Snake:1  | Noticed Aizul
 29653 | Snake:1  | Killed Aizul
 29655 | Snake:1  | Reached skill level 16 in Shields
 29821 | D:11     | Bought the ring "Dyux" {+Blink rElec rF+ MR+ Slay+2} for
                  | 840 gold pieces
 29926 | Snake:1  | Received a gift from Okawaru
 30122 | Snake:1  | Found a runed translucent gate.
 30122 | Snake:1  | Found a runed translucent gate.
 30123 | Snake:1  | Found a runed translucent gate.
 30123 | Snake:1  | Found an opulent altar of Gozag.
 30123 | Snake:1  | Noticed a nagaraja
 30125 | Snake:1  | Noticed Firestone's ghost (journeyman DDHu)
 30126 | Snake:1  | Found Kinat's Assorted Antiques.
 30142 | Snake:1  | Killed a nagaraja
 30149 | Snake:1  | Killed Firestone's ghost
 30425 | Snake:2  | Noticed Vashnia
 30616 | Snake:2  | Killed Vashnia
 30616 | Snake:2  | Received a gift from Okawaru
 30616 | Snake:2  | Reached skill level 15 in Fighting
 30646 | Snake:2  | Reached XP level 16. HP: 149/149 MP: 5/16
 30932 | Snake:2  | Received a gift from Okawaru
 31025 | Snake:2  | Reached skill level 17 in Shields
 31359 | Snake:3  | Noticed Agnes
 31374 | Snake:3  | Killed Agnes
 31712 | Snake:3  | Noticed Azrael
 31716 | Snake:3  | Killed Azrael
 32031 | Snake:3  | Received a gift from Okawaru
 32050 | Snake:3  | Noticed Mara
 32063 | Snake:3  | Killed Mara
 32095 | Snake:3  | Reached skill level 18 in Shields
 32547 | Snake:4  | Entered Level 4 of the Snake Pit
 32564 | Snake:4  | Received a gift from Okawaru
 33370 | Snake:4  | Reached XP level 17. HP: 112/159 MP: 5/17
 34082 | Snake:4  | Received a gift from Okawaru
 34088 | Snake:4  | Got a fine plate armour {god gift}
 34089 | Snake:4  | Identified the +2 plate armour of the Game of Life {Str-3
                  | Dex+6} (Okawaru gifted it to you on level 4 of the Snake
                  | Pit)
 34566 | Snake:4  | Reached skill level 19 in Shields
 34754 | Snake:4  | Got a serpentine rune of Zot
 34895 | Snake:4  | Found Poxit's Antique Weapon Boutique.
 35475 | Snake:1  | Bought a dented peridot amulet for 140 gold pieces
 35704 | Shoals:1 | Entered Level 1 of the Shoals
 35705 | Shoals:1 | Noticed Roxanne
 35741 | Shoals:1 | Killed Roxanne
 36819 | Shoals:2 | Received a gift from Okawaru
 36919 | Shoals:2 | Reached skill level 15 in Armour
 37272 | Shoals:2 | Noticed Polyphemus
 37301 | Shoals:2 | Killed Polyphemus
 37301 | Shoals:2 | Reached skill level 20 in Shields
 37605 | Shoals:2 | Received a gift from Okawaru
 38583 | Shoals:3 | Noticed a kraken
 38594 | Shoals:3 | Killed a kraken
 38775 | Shoals:4 | Entered Level 4 of the Shoals
 38785 | Shoals:4 | Reached XP level 18. HP: 151/171 MP: 6/18
 38999 | Shoals:4 | Received a gift from Okawaru
 39006 | Shoals:4 | Got a smoking war axe {god gift}
 39858 | Shoals:4 | Noticed Ilsuiw
 39950 | Shoals:4 | Killed Ilsuiw
 40394 | Shoals:4 | Identified the +3 war axe "Demon's Death" {flame, +Rage
                  | rN+} (Okawaru gifted it to you on level 4 of the Shoals)
 40449 | Shoals:4 | Received a gift from Okawaru
 40450 | Shoals:4 | Found the +14 obsidian axe {vorpal, +Fly SInv *Curse}
 40697 | Shoals:4 | Got a barnacled rune of Zot
 40713 | Shoals:4 | Reached skill level 21 in Shields
 41645 | D:12     | Killed Pestilence's ghost
 41927 | D:14     | Found a shimmering blue altar of Sif Muna.
 42104 | D:14     | Received a gift from Okawaru
 42170 | D:14     | Found a gate to the Vaults.
 42282 | D:14     | Received a gift from Okawaru
 42793 | D:15     | Entered Level 15 of the Dungeon
 42845 | D:15     | Found a staircase to the Depths.
 43216 | D:15     | Identified the +8 glaive "Otael" {freeze, *Drain rElec rC+
                  | MR+}
 43216 | D:15     | Identified the cursed +0 chain mail "Kairef" {rF+ Int+6
                  | Stlth-}
 43217 | D:15     | Noticed Neckusmi's ghost (journeyman DsGl)
 43218 | D:15     | Found a runed translucent gate.
 43218 | D:15     | Found a runed translucent gate.
 43220 | D:15     | Found a runed translucent gate.
 43225 | D:15     | Found a roughly hewn altar of Beogh.
 43242 | D:15     | Killed Neckusmi's ghost
 43553 | Vaults:1 | Entered Level 1 of the Vaults
 43744 | Vaults:1 | Reached XP level 19. HP: 181/181 MP: 20/20
 43782 | Vaults:1 | Received a gift from Okawaru
 44578 | Vaults:1 | Reached skill level 5 in Invocations
 44595 | Vaults:1 | Received a gift from Okawaru
 44598 | Vaults:1 | Got a slimy war axe {god gift}
 44601 | Vaults:1 | Identified the +8 war axe of Tumult {protect, rPois}
                  | (Okawaru gifted it to you on level 1 of the Vaults)
 44656 | Vaults:1 | Noticed Asterion
 44668 | Vaults:1 | Killed Asterion
 44771 | Vaults:1 | Reached skill level 10 in Dodging
 44926 | Vaults:1 | Received a gift from Okawaru
 44931 | Vaults:1 | Got an ichor-stained eveningstar {god gift}
 44933 | Vaults:1 | Identified the +4 eveningstar of the Firefly {freeze, rC++}
                  | (Okawaru gifted it to you on level 1 of the Vaults)
 45051 | Vaults:1 | Got a pair of distressingly furry gloves
 45052 | Vaults:1 | Identified the +1 pair of gloves of the Unseen Realm {rElec
                  | Str+7 Dex-5} (You found it on level 1 of the Vaults)
 45242 | Vaults:1 | Reached skill level 1 in Maces & Flails
 45755 | Vaults:2 | Received a gift from Okawaru
 45968 | Vaults:2 | Found Mafu's Armour Boutique.
 46393 | Vaults:2 | Reached XP level 20. HP: 179/191 MP: 23/23
 46447 | Vaults:2 | Received a gift from Okawaru
 46455 | Vaults:2 | Got an ichor-stained executioner's axe {god gift}
 46457 | Vaults:2 | Identified the +12 executioner's axe of the Hidden Vale
                  | {speed, rElec Int+4 Dex+4} (Okawaru gifted it to you on
                  | level 2 of the Vaults)
 46529 | Vaults:2 | Reached skill level 22 in Shields
 47045 | Vaults:3 | Received a gift from Okawaru
 47052 | Vaults:3 | Got a pair of smoking gloves {god gift}
 47053 | Vaults:3 | Identified the -2 pair of gloves of the Quahog {Int+3}
                  | (Okawaru gifted it to you on level 3 of the Vaults)
 47994 | Vaults:3 | Noticed a bone dragon
 48016 | Vaults:3 | Killed a bone dragon
 48057 | Vaults:3 | Found a staircase to the Crypt.
 48423 | Vaults:4 | Got a pair of masterwork gloves
 48424 | Vaults:4 | Identified the cursed +0 pair of gloves of Cudus {rPois
                  | rCorr Int+9 Stlth-} (You found it on level 4 of the Vaults)
 48446 | Vaults:4 | Reached skill level 5 in Maces & Flails
 48886 | Vaults:4 | Received a gift from Okawaru
 50059 | Depths:1 | Entered Level 1 of the Depths
 50149 | Depths:1 | Received a gift from Okawaru
 50247 | Depths:1 | Reached XP level 21. HP: 174/201 MP: 25/25
 50312 | Depths:1 | Found a gateway to a ziggurat.
 50324 | Depths:1 | Found Leblieh's Gadget Boutique.
 50326 | Depths:1 | Found Ucesea Depn's Jewellery Emporium.
 50327 | Depths:1 | Found Naghoi Festru's Gadget Boutique.
 50489 | Depths:1 | Received a gift from Okawaru
 50725 | Depths:1 | Found a shattered altar of Ashenzari.
 50877 | Depths:1 | Found a gateway to Hell.
 50918 | Depths:1 | Received a gift from Okawaru
 51336 | Depths:2 | Found a one-way gate leading to the halls of Pandemonium.
 51785 | Depths:2 | Received a gift from Okawaru
 52101 | Depths:2 | Noticed a golden dragon
 52108 | Depths:2 | Killed a golden dragon
 52307 | Depths:2 | Noticed a caustic shrike
 52307 | Depths:2 | Noticed a caustic shrike
 52309 | Depths:2 | Noticed a caustic shrike
 52309 | Depths:2 | Noticed a caustic shrike
 52310 | Depths:2 | Noticed a caustic shrike
 52323 | Depths:2 | Killed a caustic shrike
 52986 | Depths:2 | Reached XP level 22. HP: 204/211 MP: 27/27
 53193 | Depths:2 | Received a gift from Okawaru
 53201 | Depths:2 | Got a fading battleaxe {god gift}
 53431 | Depths:2 | Identified the +12 battleaxe of Tenacity {antimagic, rPois
                  | rN+} (Okawaru gifted it to you on level 2 of the Depths)
 53495 | Depths:2 | Noticed the Enchantress
 53512 | Depths:2 | Killed the Enchantress
 53861 | Depths:2 | Killed a caustic shrike
 53864 | Depths:2 | Killed a caustic shrike
 53867 | Depths:2 | Killed a caustic shrike
 53869 | Depths:2 | Killed a caustic shrike
 53869 | Depths:2 | Received a gift from Okawaru
 53869 | Depths:2 | Reached skill level 15 in Dodging
 54094 | Depths:3 | Reached skill level 23 in Shields
 54135 | Depths:3 | Found a flickering gateway to a bazaar.
 54175 | Bazaar   | Entered a bazaar
 54177 | Bazaar   | Found Icrit's Antique Weapon Boutique.
 54181 | Bazaar   | Found Jumac's Book Boutique.
 54181 | Bazaar   | Found Qeokhlusch's Weapon Boutique.
 54182 | Bazaar   | Found Zuylluzu's Antique Armour Boutique.
 54205 | Bazaar   | Bought a manual of Shields for 883 gold pieces
 54279 | Depths:3 | Found Juwo's Antique Armour Shoppe.
 54285 | Depths:3 | Noticed Xtahua
 54298 | Depths:3 | Killed Xtahua
 54321 | Depths:3 | Bought a polished kite shield for 218 gold pieces
 54331 | Depths:3 | Identified the +4 kite shield of Indemnity {Harm MP+9 Int+2
                  | Stlth+} (You bought it in a shop on level 3 of the Depths)
 54387 | Depths:3 | Noticed Saint Roka
 54410 | Depths:3 | Killed Saint Roka
 54740 | Depths:3 | Reached skill level 10 in Invocations
 54744 | Depths:3 | Received a gift from Okawaru
 56080 | Depths:4 | Reached XP level 23. HP: 199/218 MP: 29/29
 56539 | Depths:4 | Found a one-way gate to the infinite horrors of the Abyss.
 56633 | Depths:4 | Received a gift from Okawaru
 56878 | Depths:5 | Entered Level 5 of the Depths
 57684 | Depths:5 | Found a gate to the Realm of Zot.
 58610 | Vaults:5 | Entered Level 5 of the Vaults
 58621 | Vaults:5 | Received a gift from Okawaru
 58621 | Vaults:5 | Noticed an ancient lich
 58625 | Vaults:5 | Reached skill level 24 in Shields
 58642 | Vaults:5 | Killed an ancient lich
 58646 | Vaults:5 | Got a pair of fine boots {god gift}
 58657 | Vaults:4 | Identified the +0 pair of boots of Hockakee {*Contam Int+4
                  | Dex-3 Stlth+} (Okawaru gifted it to you on level 5 of the
                  | Vaults)
 58822 | Vaults:5 | Identified the +10 war axe of the Lurker {freeze, rElec rF+
                  | rC+ SInv}
 58843 | Vaults:5 | Got a silver rune of Zot
 59032 | Vaults:5 | Reached XP level 24. HP: 217/228 MP: 30/30
 59087 | Vaults:5 | Identified the +8 triple crossbow "Solys" {vorpal, rC- rN+
                  | Dex+4}
 59112 | Vaults:5 | Noticed an ancient lich
 59126 | Vaults:5 | Killed an ancient lich
 59338 | Vaults:5 | Received a gift from Okawaru
 59344 | Vaults:5 | Identified the +11 long sword "Ujeineushru" {vorpal, rF+
                  | Int+3}
 59473 | Vaults:5 | Identified the cursed +2 dagger of Subjectivity {drain,
                  | Fragile +Inv rN++ Str+2}
 60018 | Vaults:5 | Identified the cursed +0 broad axe of Integrity {freeze,
                  | rPois rC- Str-3 Dex+8}
 60203 | Vaults:5 | Identified Waixtipn's Catalogue of Congealing Enchantment
 60421 | Vaults:5 | Identified the Guide on the Flamy Voyage
 60433 | Vaults:5 | Identified the Volume of Transmigration and Dark Secrets
 60437 | Vaults:5 | Identified the Collected Works on Supportive Changing
 61016 | Depths:5 | Found an ancient bone altar of Kikubaaqudgha.
 61043 | Zot:1    | Entered Level 1 of the Realm of Zot
 61092 | Zot:1    | Received a gift from Okawaru
 61562 | Zot:1    | Found a huge runed gate.
 61563 | Zot:1    | Found a huge runed gate.
 61564 | Zot:1    | Found a huge runed gate.
 61565 | Zot:1    | Found a huge runed gate.
 61566 | Zot:1    | Found a huge runed gate.
 61566 | Zot:1    | Found a huge runed gate.
 61567 | Zot:1    | Found a huge runed gate.
 61569 | Zot:1    | Found a huge runed gate.
 61569 | Zot:1    | Found a huge runed gate.
 61570 | Zot:1    | Found a huge runed gate.
 61571 | Zot:1    | Found a huge runed gate.
 61582 | Zot:1    | Found a huge runed gate.
 61583 | Zot:1    | Found a huge runed gate.
 61583 | Zot:1    | Found a huge runed gate.
 61583 | Zot:1    | Found a huge runed gate.
 61584 | Zot:1    | Found a huge runed gate.
 61584 | Zot:1    | Found a huge runed gate.
 61585 | Zot:1    | Found a huge runed gate.
 61585 | Zot:1    | Found a huge runed gate.
 61585 | Zot:1    | Found a huge runed gate.
 61592 | Zot:1    | Found a huge runed gate.
 61592 | Zot:1    | Found a huge runed gate.
 61592 | Zot:1    | Found a huge runed gate.
 61592 | Zot:1    | Found a huge runed gate.
 61592 | Zot:1    | Found a huge runed gate.
 61923 | Zot:1    | Reached skill level 25 in Shields
 62069 | Zot:1    | Received a gift from Okawaru
 62239 | Zot:1    | Found a glowing silver altar of Zin.
 62249 | Zot:1    | Reached XP level 25. HP: 238/238 MP: 31/31
 62286 | Zot:1    | Identified the Handbook of the Zealot
 62299 | Zot:1    | Identified Nasola's Catalogue of Fire and Brimstone
 62519 | Zot:1    | Noticed a Killer Klown
 62519 | Zot:1    | Noticed a Killer Klown
 62519 | Zot:1    | Noticed a Killer Klown
 62519 | Zot:1    | Noticed a Killer Klown
 62519 | Zot:1    | Noticed a Killer Klown
 62519 | Zot:1    | Noticed a Killer Klown
 62526 | Zot:1    | Killed a Killer Klown
 62538 | Zot:1    | Killed a Killer Klown
 62545 | Zot:1    | Killed a Killer Klown
 62547 | Zot:1    | Killed a Killer Klown
 62555 | Zot:1    | Killed a Killer Klown
 62558 | Zot:1    | Killed a Killer Klown
 62970 | Zot:2    | Received a gift from Okawaru
 63352 | Zot:2    | Reached skill level 26 in Shields
 64341 | D:8      | Bought a scroll of magic mapping for 52 gold pieces
 64341 | D:8      | Bought 3 scrolls of identify for 90 gold pieces
 65358 | D:8      | Bought a scroll of enchant armour for 112 gold pieces
 65358 | D:8      | Bought a scroll of enchant armour for 112 gold pieces
 65462 | Orc:1    | Bought a scroll of enchant armour for 105 gold pieces
 65462 | Orc:1    | Bought a scroll of blinking for 105 gold pieces
 65870 | Zot:3    | Noticed a Killer Klown
 65871 | Zot:3    | Noticed an orb of fire
 65883 | Zot:3    | Killed an orb of fire
 66834 | Zot:3    | Received a gift from Okawaru
 67021 | Zot:3    | Killed a Killer Klown
 67021 | Zot:3    | Reached XP level 26. HP: 113/250 MP: 31/31
 67560 | Zot:4    | Noticed an orb of fire
 67577 | Zot:4    | Killed an orb of fire
 67577 | Zot:4    | Received a gift from Okawaru
 67919 | Zot:4    | Received a gift from Okawaru
 68651 | Zot:4    | Noticed an ancient lich
 68663 | Zot:4    | Killed an ancient lich
 68968 | Depths:4 | Voluntarily entered the Abyss.
 69004 | Abyss:1  | Reached skill level 27 in Shields
 69092 | Abyss:1  | Received a gift from Okawaru
 69146 | Abyss:1  | Found a runed translucent gate.
 69146 | Abyss:1  | Found a runed translucent gate.
 69147 | Abyss:1  | Found a runed translucent gate.
 69166 | Abyss:1  | Paralysed by you for 3 turns
 69526 | Abyss:3  | Found a glowing golden altar of the Shining One.
 69561 | Abyss:3  | Noticed a juggernaut
 69576 | Abyss:3  | Killed a juggernaut
 69588 | Abyss:3  | Got an abyssal rune of Zot
 69751 | Depths:4 | Escaped the Abyss
 70082 | Slime:1  | Entered Level 1 of the Pits of Slime
 70337 | D:13     | Bought a potion of might for 48 gold pieces
 70337 | D:13     | Bought a potion of might for 48 gold pieces
 70337 | D:13     | Bought a potion of haste for 120 gold pieces
 70337 | D:13     | Bought a potion of resistance for 120 gold pieces
 70449 | D:8      | Bought a potion of haste for 150 gold pieces
 70449 | D:8      | Bought 2 potions of resistance for 300 gold pieces
 70449 | D:8      | Bought a potion of resistance for 150 gold pieces
 70818 | Vaults:5 | Identified a +0 pair of boots of running (You found it on
                  | level 5 of the Vaults)
 71381 | Zot:5    | Entered Level 5 of the Realm of Zot
 71464 | Zot:5    | Reached XP level 27. HP: 260/261 MP: 31/31
 71499 | Zot:5    | Noticed an ancient lich
 71500 | Zot:5    | Received a gift from Okawaru
 71503 | Zot:5    | Noticed an orb of fire
 71503 | Zot:5    | Noticed an orb of fire
 71746 | Zot:5    | Killed an orb of fire
 71752 | Zot:5    | Killed an ancient lich
 71818 | Zot:5    | Gained mutation: You are dopey. (Int -2) [an orb of fire]
 71827 | Zot:5    | Gained mutation: Armour fits poorly on your strangely
                  | shaped body. [an orb of fire]
 71830 | Zot:5    | Killed an orb of fire
 71830 | Zot:5    | Received a gift from Okawaru
 71965 | Zot:5    | Noticed an orb of fire
 71978 | Zot:5    | Killed an orb of fire
 71979 | Zot:5    | Noticed an ancient lich
 71981 | Zot:5    | Noticed an ancient lich
 71982 | Zot:5    | Noticed an orb of fire
 71988 | Zot:5    | Killed an ancient lich
 71988 | Zot:5    | Noticed an ancient lich
 72002 | Zot:5    | Killed an orb of fire
 72003 | Zot:5    | Killed an ancient lich
 72006 | Zot:5    | Killed an ancient lich
 72041 | Zot:5    | Noticed an orb of fire
 72058 | Zot:5    | Killed an orb of fire
 72210 | Zot:5    | Noticed an ancient lich
 72216 | Zot:5    | Killed an ancient lich
 72697 | Zot:5    | Noticed an ancient lich
 72709 | Zot:5    | Killed an ancient lich
 72738 | Zot:5    | Noticed an orb of fire
 72793 | Zot:5    | Killed an orb of fire
 72793 | Zot:5    | Received a gift from Okawaru
 72801 | Zot:5    | Noticed an orb of fire
 72827 | Zot:5    | Killed an orb of fire
 73224 | Zot:5    | Received a gift from Okawaru
 73335 | Zot:5    | Got the Orb of Zot
 73473 | Zot:3    | Noticed Yhiluh the pandemonium lord
 73573 | Zot:1    | Noticed Museqom the pandemonium lord
 73606 | Depths:5 | Noticed Nofav the pandemonium lord
 73768 | Depths:2 | Noticed a seraph
 73843 | Depths:2 | Noticed Huydeept the pandemonium lord
 73844 | Depths:2 | Gained mutation: You are clumsy. (Dex -2) [a cacodemon]
 74169 | D:7      | Noticed Xaajyddu the pandemonium lord
 74179 | D:7      | Noticed Xyatu the pandemonium lord
 74632 | D:$      | Escaped with the Orb!

Illustrated notes

Levels and vault maps discovered:
D:1:      minmay_arrival_diagonal_passages, layout_basic
D:2:      layout_basic, uniq_terence, uniq_robin, uniq_jessica
D:3:      layout_loops_ring, overflow_temple_1_default, minivault_4,
          led_xom_imps, uniq_sigmund
D:4:      cheibrodos_greedy_goblins, layout_basic, first_ration,
          nicolae_ossuary_entry_plus
D:5:      layout_rooms, lemuel_crystal_altar
D:6:      kennysheep_orc_sif_temple, layout_loops_ring,
          minmay_temple_entry_ruins, kennysheep_flooded_box,
          lemuel_flamethrower_2, uniq_menkaure
D:7:      layout_basic
D:8:      layout_basic, grunt_temple_overflow_open, serial_shops, shop,
          nicolae_shop_temple_entry_statues_fountains, shop, shop_statue,
          hangedman_little_slice_of_home, minmay_fractal_squares_5
D:9:      layout_irregular_city
D:10:     layout_gridville, minmay_checkerbox
D:11:     layout_irregular_city, minmay_lair_entry_grove, serial_shops,
          kennysheep_mini, serial_column_ruins, column_ruins_pillar_8,
          column_ruins_pillar_3, column_ruins_pillar_10, column_ruins_pillar_2,
          column_ruins_pillar_12, column_ruins_pillar_2, column_ruins_pillar_2,
          column_ruins_pillar_3, column_ruins_pillar_11, column_ruins_pillar_7,
          column_ruins_pillar_9, nemelex_xobeh_ov_fountains_minmay
D:12:     layout_cave_pools, hiddenorc1_lemuel, gammafunk_ghost_necromancy,
          uniq_maurice
D:13:     layout_big_octagon, serial_shops, nicolae_shop_stone, uniq_josephine,
          uniq_frances
D:14:     layout_basic, david_vaults_2, basic_altar
D:15:     grunt_enter_depths_giant_problem, layout_rooms, chequers_avenue,
          biasface_ghost_orc_armoury
Temple:   jpeg_temple_clearing
Lair:1:   layout_loops_ring, portal_ice_cave_entry_imps,
          nicolae_volcano_entry_lava_flow, lemuel_fruit_tree, uniq_urug,
          uniq_gastronok
Lair:2:   layout_hall_layers, minmay_shoals_entry_hut, minivault_25,
          lemuel_fruit_fields
Lair:3:   layout_small_grid, guppyfry_snake_entry_island,
          minmay_lair_oklob_chamber, uniq_rupert
Lair:4:   layout_gridlike, serial_forest, infiniplex_forest_end_double,
          infiniplex_forest_end_3, infiniplex_forest_straight_3,
          infiniplex_forest_straight_3, infiniplex_forest_lined_2,
          infiniplex_forest_clump_diagonal, infiniplex_forest_end_2,
          infiniplex_forest_clump_small, infiniplex_forest_end_3,
          infiniplex_forest_lined_3
Lair:5:   layout_loops_ring, beast_lair_carwin_5
Lair:6:   grunt_lair_end_beastmaster, layout_regular_city, slime_altar_1,
          gauntlet_entry_generic
Shoals:1: layout_shoals, uniq_roxanne
Shoals:2: layout_shoals, uniq_polyphemus
Shoals:3: layout_shoals, argonaut_gorgonesque
Shoals:4: shoals_end_simple, layout_shoals, shoals_ilsuiw_ice
Snake:1:  layout_misc_corridors, ebering_ghost_gozag, serial_bayou_pond_d,
          uniq_nikola, uniq_aizul
Snake:2:  layout_basic, uniq_vashnia
Snake:3:  layout_rooms, special_room, uniq_azrael, uniq_agnes, uniq_mara
Snake:4:  minmay_snake_end_coiled, layout_grid_maze, serial_shops,
          nicolae_shop_waterfront, nicolae_snake_shapes
Slime:1:  cheibrodos_slime_lost_civilization_2, layout_caves
Orc:1:    layout_caves, serial_shops, nicolae_shop_trees, shop, shop_statue,
          nicolae_shop_window_shopping
Orc:2:    st_orc_open, layout_caves, gammafunk_ghost_fury_of_okawaru,
          serial_shops, shop
Vaults:1: v_misc_15, nicolae_vaults_theta, v_misc_18, vaults_room_pool,
          hangedman_vaults_stitches, ontoclasm_vaults_hangar, vaults_room_fours,
          v_misc_25, hangedman_vaults_restitches, vaults_room_pool,
          ontoclasm_vaults_twist, vaults_dpeg_ring, v_alt_pattern_5, v_misc_11,
          layout_vaults_ring, uniq_asterion
Vaults:2: vaults_standard_mumra_x, ontoclasm_vaults_ring_small, v_misc_19,
          dpeg_vaults_monster_box, nicolae_vaults_little_squares_6, st_cross,
          hangedman_vaults_trim, nicolae_vaults_asterisk, v_misc_2,
          layout_vaults_omnicross
Vaults:3: v_alt_pattern_3, vaults_mumra_bighexcomb, ontoclasm_vaults_hangar,
          v_rooms_2, vaults_dpeg_cross, ontoclasm_vaults_loading_screen,
          v_misc_8, nicolae_vaults_ring_of_whatevers, layout_vaults_omnigrid,
          minmay_crypt_entry_nasty_monster
Vaults:4: v_rooms_6, nicolae_vaults_twisting_passages, ontoclasm_vaults_spin,
          serial_ice_h, nicolae_vaults_shelves_hall, vaults_mumra_chevron_long,
          vaults_mumra_chevron, layout_vaults_chaotic_city
Vaults:5: serial_shops
Depths:1: layout_cave_pools, enter_ziggurat_e, nicolae_ashenzari_panopticon,
          grunt_hell_horde, chequers_jeans, hangedman_stitches_earthworm,
          minmay_shop_grove
Depths:2: grunt_runaround [grunt_runaround_doors_1, grunt_runaround_doors_2,
          grunt_runaround_doors_3, grunt_runaround_doors_4,
          grunt_runaround_loot], pan_entry, hell_entry, uniq_enchantress
Depths:3: constructs_gauntlet_mu_hangedman, layout_basic,
          grunt_decor_one_mirror, serial_shops, bzr_entry_gold, shop,
          hell_entry, pan_entry, minivault_1, minmay_misc_feat_roman,
          infiniplex_staircase_pool_2, firewood_loft, serial_bayou_shore_a,
          uniq_saint_roka, uniq_xtahua
Depths:4: wad_cavern_with_rooms, layout_cave_shapes, hangedman_decor_slide_cut,
          abyss_entry_crystal, hell_entry, pan_entry
Depths:5: grunt_zot_entry_funnels, layout_cave_pools, hell_entry,
          grunt_decor_arrowhead, minmay_misc_feat_nine_boxes,
          minmay_misc_feat_x, lemuel_statue_altar
Zot:1:    nicolae_zot_draconian_monastery, layout_basic, not_door_vault_due
Zot:2:    layout_gridlike
Zot:3:    grunt_zot_stairs_mandelzot, layout_basic
Zot:4:    layout_misc_corridors, hangedman_player_shredder
Zot:5:    layout_basic

Skill      XL: |  1  2  3  4  5  6  7  8  9 10 11 12 13 14 15 16 17 18 19 20 21 22 23 24 25 26 27 |
---------------+----------------------------------------------------------------------------------+-----
Fighting       | 4 5 6 7 8 10 11 12 13 15 16 17 18 19 20 21 22 23 24 26 | 26.1
Axes           | 4 5 6 7 9 11 12 14 15 17 18 19 20 21 | 21.9
Dodging        | 4 5 6 8 11 12 14 15 17 18 19 21 22 | 22.8
Stealth        | 2 3 |  3.4
Armour         | 2 4 6 7 9 10 11 12 13 14 15 16 17 18 19 20 21 22 23 24 26 | 26.6
Shields        | 2 4 6 8 10 12 13 15 16 18 20 21 22 23 24 25 26 27 | 27.0
Invocations    | 1 2 3 6 7 9 10 11 12 | 12.1
Maces & Flails | 3 6 |  6.9
Evocations     | |  0.3

Action                   |  1- 3 |  4- 6 |  7- 9 | 10-12 | 13-15 | 16-18 | 19-21 | 22-24 | 25-27 || total
-------------------------+-------+-------+-------+-------+-------+-------+-------+-------+-------++-------
Melee: Hand axe          |    37 |   123 |   170 |       |       |       |       |       |       ||   330
       Headbutt          |     5 |    30 |    93 |   150 |   265 |   383 |   285 |   353 |   407 ||  1971
       Battleaxe         |       |    30 |    17 |       |       |       |       |       |       ||    47
       War axe           |       |       |   282 |   482 |    20 |       |       |   208 |       ||   992
       Broad axe         |       |       |       |   230 |   795 |  1413 |  1000 |   885 |  1183 ||  5506
       Demon whip        |       |       |       |       |       |       |       |       |   179 ||   179
       Executioner's axe |       |       |       |       |       |       |       |       |    11 ||    11
Invok: Heroism           |       |       |     1 |     6 |     5 |     5 |     2 |     4 |     4 ||    27
       Finesse           |       |       |       |     2 |       |     1 |     1 |     4 |     4 ||    12
 Abil: Evoke Flight      |       |       |       |       |       |     1 |       |       |       ||     1
       Stop Flying       |       |       |       |       |       |       |     1 |       |       ||     1
Evoke: Wand              |       |       |       |       |       |       |       |       |     6 ||     6
  Use: Scroll            |       |     5 |     9 |    11 |    18 |     5 |    14 |     7 |    36 ||   105
       Potion            |       |       |     4 |     4 |       |       |       |     2 |    11 ||    21
 Stab: Sleeping          |     3 |       |       |       |       |       |       |       |       ||     3
       Distracted        |       |     1 |       |       |       |     1 |    23 |    17 |    18 ||    60
       Confused          |       |       |       |       |       |       |       |       |     1 ||     1
  Eat: Chunk             |       |     7 |     8 |    12 |    18 |    15 |    18 |     9 |     5 ||    92
       Ration            |       |       |     6 |     7 |     5 |     7 |     5 |     5 |    11 ||    46
Armor: Robe              |     9 |       |       |       |       |       |       |       |       ||     9
       Ring mail         |       |    23 |       |       |       |       |       |       |       ||    23
       Scale mail        |       |    10 |    92 |       |       |       |       |       |       ||   102
       Plate armour      |       |       |    48 |   312 |   245 |   322 |   193 |   217 |    27 ||  1364
       Gold dragon scale |       |       |       |       |       |       |       |       |   238 ||   238
Dodge: Dodged            |    34 |    82 |    99 |    96 |   224 |   308 |   253 |   349 |   444 ||  1889
Block: Tower shield      |       |       |   286 |   552 |   865 |  1264 |   910 |  1070 |  1425 ||  6372
       Reflection        |       |       |       |       |       |       |       |    68 |    37 ||   105
       Other             |       |       |       |       |       |       |       |       |     4 ||     4
